 Dungeon Crawl Stone Soup version 0.32-a0-172-gc5dd13f2a7 (webtiles) character file.

Game seed: 2407109674435098086

2 zenocrate the Sneak (level 1, -1/16 HPs)
             Began as an Octopode Delver on Feb 12, 2024.
             Slain by a jelly (3 damage)
             ... on level 4 of the Dungeon.
             The game lasted 00:00:11 (61 turns).

zenocrate the Sneak (Octopode Delver)                 Turns: 61, Time: 00:00:12

Health: -1/16      AC: -7    Str: 11    XL:     1   Next: 30%
Magic:  1/1        EV: 13    Int: 12    God:
Gold:   20         SH:  0    Dex: 13    Spells: 0/0 levels left

rFire   . . .        a - +0 short sword
rCold   . . .        (no shield)
rNeg    . . .        (helmet restricted)
rPois   .            (no amulet)
rElec   .            (no ring)
rCorr   .            (no ring)
SInv    .            (no ring)
Will    .....        (no ring)
Stlth   ++++         (no ring)
HPRegen 0.22/turn    (no ring)
MPRegen 0.07/turn    (no ring)
                     (no ring)

%: no passive effects
@: corroded
A: almost no armour, amphibious, 8 rings, camouflage 1, gelatinous body 1,
(nimble swimmer 1), tentacles
a: no special abilities


You were on level 4 of the Dungeon.
You visited 1 branch of the dungeon, and saw 2 of its levels.

You collected 20 gold pieces.

Inventory:

Hand Weapons
 a - a +0 short sword (weapon)
Wands
 f - a wand of digging (3)
Scrolls
 b - a scroll of fog
 c - a scroll of revelation
 d - a scroll of fear
Potions
 e - a potion of haste


   Skills:
 - Level 3.0 Fighting
 + Level 2.1 Short Blades
 - Level 2.0 Dodging
 + Level 6.6 Stealth


You couldn't memorise any spells.
You didn't know any spells.
Your spell library was empty.

Dungeon Overview and Level Annotations

Branches:
Dungeon (5/15)
 Temple: D:4-7

Altars:


Innate Abilities, Weirdness & Mutations

You cannot wear most types of armour.
You are amphibious.
You can wear up to eight rings at the same time.
Your skin changes colour to match your surroundings (Stealth+).
Your rubbery body absorbs attacks. (AC +1, EV +1)
((You are camouflaged when in or above water. (Stealth+)))
You have tentacles for arms and can constrict up to eight enemies at once.


Message History

Welcome, zenocrate the Octopode Delver.
Will you prevail where others failed? Will you find the Orb of Zot?
Press ? for a list of commands and other information.
Found a robe.
Found a stone staircase leading down and a stone staircase leading up.
You see here a +0 robe.
There is a stone staircase leading up here.
You climb upwards.
Found 6 gold pieces.
There is a stone staircase leading down here.
You now have 6 gold pieces.
An orc comes into view. It is wielding a +0 hand axe.
The orc shouts!
You closely miss the orc. Your grab misses the orc.
You completely miss the orc. Your grab misses the orc.
The orc hits you with a +0 hand axe.
You closely miss the orc. You grab the orc. You constrict the orc.
The orc closely misses you.
You hit the orc. Your squeeze misses the orc.
The orc is heavily wounded.
You constrict the orc. The orc closely misses you.
You hit the orc but do no damage.
The orc is severely wounded.
You constrict the orc. The orc hits you with a +0 hand axe.
You hit the orc.
You kill the orc!
You see here a +0 hand axe.
HP restored.
Found a stone.
No target in view!
You now have 20 gold pieces (gained 14).
A jelly comes into view.
You hit the jelly. The acid corrodes you!
Your tentacles burn!
The jelly is lightly wounded.
The jelly hits you. The acid corrodes you!
You are splashed with acid!
Ouch! That really hurt!
* * * LOW HITPOINT WARNING * * *
Okay, then.
The jelly attacks as it pursues you! The jelly hits you.
You die...

........#########>.
# #..####......#
#.# ..
#..####....(.# #..
... #..#.........#
#.. ..
#..#.##......# #..
#.#.##..#.##......#
#.#
#............######
#.# #...J...####
..# #####@### #.#
... .#.## #.#.# .
#.. #. ### #


You could see a jelly.

Vanquished Creatures
  An orc (D:4)
1 creature vanquished.

Notes
Turn   | Place    | Note
-------+----------+-------------------------------------------
     0 | D:5      | zenocrate the Octopode Delver began the quest for the Orb.
     0 | D:5      | Reached XP level 1. HP: 16/16 MP: 1/1
    57 | D:4      | Noticed a jelly
    61 | D:4      | Slain by a jelly

Illustrated notes

Levels and vault maps discovered:
D:4:      layout_loops_cross, jmf_multi_god_temple2, kennysheep_mini_moat,
          minmay_temple_entry_drinking_statues, serial_shops,
          nicolae_shop_pleasant_corner_grove, ebering_ghost_reflecting_pool,
          minmay_misc_feat_enclosed, st_stairs_10
D:5:      layout_loops_corners, serial_shops, shop,
          nicolae_houndstooth_variations

Action                     || total
---------------------------++-------
  Melee: Short sword       ||     7
         Constrict         ||     1
 Armour: Skin              ||     4
  Dodge: Dodged            ||     2

Table legend: (Time is in decaauts)
 A = Elapsed time spent in this place.
 B = Non-inter-level travel time spent in this place.
 C = Inter-level travel time spent in this place.
 D = Time resting spent in this place.
 E = Time spent auto-exploring this place.
 F = Levels seen in this place.
 G = Mean time per level.
                   A        B        C        D        E       F      G
               +--------+--------+--------+--------+--------+-----+--------+
         Total |     60 |     60 |      0 |      0 |     42 |   2 |   30.0 |
       Dungeon |     60 |     60 |      0 |      0 |     42 |   2 |   30.0 |
               +--------+--------+--------+--------+--------+-----+--------+

Top non-repeatable levels by time:
     D:4: 55 daAuts
     D:5: 5 daAuts
